 Dungeon Crawl Stone Soup version 0.21.1-1-g345015f (webtiles) character file.

7532 twistedcrescendo the Fighter (level 10, -4/99 (101) HPs)
             Began as a Minotaur Berserker on June 21, 2018.
             Was a High Priest of Trog.
             Slain by a skeletal warrior
             ... wielding a +0 trident
             ... led by a skeletal warrior
              (18 damage)
             ... on level 11 of the Dungeon.
             The game lasted 00:40:38 (6722 turns).

twistedcrescendo the Fighter (Minotaur Berserker)   Turns: 6722, Time: 00:40:41

HP:   -4/99 (101)   AC:  9    Str: 23    XL:     10   Next: 96%
MP:   9/9           EV: 13    Int:  4    God:    Trog [*****.]
Gold: 360           SH:  0    Dex: 12    Spells: 9/9 levels left

rFire    . . .     SeeInvis .   u - +3 whip (elec)
rCold    . . .     Gourm    .   (no shield)
rNeg     . . .     Faith    .   d - +0 scale mail
rPois    .         Spirit   .   (helmet restricted)
rElec    .         Reflect  .   B - scarf {repulsion}
rCorr    .         Harm     .   (no gloves)
MR       +....                  q - +0 pair of boots
Stlth    +.........             (no amulet)
HPRegen  0.26/turn              v - ring of protection from magic
MPRegen  0.11/turn              w - ring of stealth

@: berserk cooldown, slowed, repel missiles, very slow
A: retaliatory headbutt, horns 2
a: Berserk, Trog's Hand, Brothers in Arms, Burn Spellbooks, Renounce Religion


You were on level 11 of the Dungeon.
You worshipped Trog.
Trog was extremely pleased with you.
You were hungry.

You visited 1 branch of the dungeon, and saw 9 of its levels.

You collected 360 gold pieces.

Inventory:

Hand Weapons
 m - a +0 morningstar
 u - a +3 whip of electrocution (weapon)
 E - a +1 flail of protection
Armour
 d - a +0 scale mail (worn)
 q - a +0 pair of boots (worn)
 B - a scarf of repulsion (worn)
 I - a +0 plate armour
Jewellery
 a - an uncursed amulet of rage {unknown}
 v - a ring of protection from magic (left hand)
 w - a ring of stealth (right hand)
Wands
 y - a wand of disintegration (15)
 G - a wand of iceblast (10)
Scrolls
 f - 2 scrolls of teleportation
 g - 3 scrolls of remove curse
 i - a scroll of enchant weapon
 j - a scroll of enchant armour {unknown}
 s - a scroll of fog
 C - 4 scrolls of identify
 F - a scroll of acquirement {unknown}
 H - a scroll of magic mapping {unknown}
 J - a scroll of immolation
Potions
 b - 2 potions of might
 e - a potion of magic
 h - a potion of agility
 k - a potion of degeneration {unknown}
 l - a potion of flight
 n - 2 potions of brilliance {unknown}
 o - a potion of cancellation {unknown}
 p - a potion of berserk rage {unknown}
 r - 3 potions of haste
 t - a potion of lignification {unknown}
 x - a potion of curing {unknown}
 z - a potion of mutation {unknown}
Books
 D - a book of Callings

   Spells                             Type                      Level
   a - Summon Small Mammal            Summoning                    1
   b - Call Imp                       Summoning                    2
   c - Call Canine Familiar           Summoning                    3
   d - Summon Guardian Golem          Hexes/Summoning              3
   e - Summon Lightning Spire         Summoning/Air                4
   f - Summon Ice Beast               Ice/Summoning                4
   Trog disapproves of the use of such an item.
Comestibles
 c - 14 rations
 A - 4 chunks of flesh


   Skills:
 + Level 13.4 Fighting
 - Level 12.0 Maces & Flails
 + Level 7.1 Armour
 + Level 6.5 Dodging


You had 9 spell levels left.
You didn't know any spells.

Dungeon Overview and Level Annotations

Branches:
Dungeon (8/15)             Temple (0/1) D:6
   Lair: D:8-11

Altars:
Cheibriados
Gozag
Kikubaaqudgha
Makhleb
Ru
Trog
Uskayaw
Wu Jian

Shops:
D:6 [


Innate Abilities, Weirdness & Mutations

You reflexively headbutt those who attack you in melee.
You have a pair of horns on your head.


Message History

You barely miss the skeletal warrior. You headbutt the skeletal warrior.
The skeletal warrior is severely damaged.
You whack the skeletal warrior!
You destroy the skeletal warrior!
Trog accepts your kill.
Your Armour skill increases to level 7!
You feel a strong urge to attack something.
You are no longer berserk.
You are exhausted.
You feel yourself slow down.
The skeletal warrior hits you with a halberd!
* * * LOW HITPOINT WARNING * * *
The skeletal warrior misses you.
You hit the skeletal warrior but do no damage.
Lightning courses through the skeletal warrior!
You headbutt the skeletal warrior, but do no damage.
The skeletal warrior is lightly damaged.
The skeletal warrior hits you but does no damage.
The skeletal warrior hits you from afar with a trident!!
You die...

.....................#
.....................#
.....................#
................##...#
................##...#
.....................#
#....................#
.......[......)......#
######+####+###.@....#
#z###..# #z# ..#
#z###..# +).....#
#......# ...........#
........z..#
#.#######...#


You could see 3 skeletal warriors.

Vanquished Creatures
  A two-headed ogre (D:8)
  2 skeletal warriors (D:11)
  The ghost of chorionicmirror the Slasher, a novice BaFi of Okawaru (D:6)
  The ghost of Paps the Covert, a novice OpEn (D:5)
  The ghost of Tiareth the Digger, a novice TrEE (D:4)
  Grinder (D:3)
  Prince Ribbit (D:6)
  Sigmund (D:3)
  A wyvern (D:8)
  Menkaure (D:6)
  Edmund (D:6)
  A water moccasin (D:6)
  An orc warrior (D:8)
  Duvessa (D:5)
  3 ice beasts
  3 necrophages
  A sky beast (D:7)
  5 ogres
  A phantom (D:4)
  3 centaurs
  A big kobold (D:7)
  6 bullfrogs
  Dowan (D:5)
  A wyvern skeleton (D:6)
  2 scorpions
  4 wights (D:8)
  3 howler monkeys
  4 crimson imps
  A centaur zombie (D:5)
  A bullfrog zombie (D:6)
  2 hounds
  A bullfrog skeleton (D:6)
  4 orc priests (D:5)
  A centaur skeleton (D:5)
  An iguana (D:7)
  2 orc wizards (D:5)
  Ijyb (D:3)
  Terence (D:3)
  Natasha (thrice) (D:2)
  8 worker ants
  A hound skeleton (D:7)
  2 worker ant zombies
  4 gnolls (D:4)
  13 adders
  A shadow imp (D:6)
  2 oozes (D:2)
  An adder skeleton (D:6)
  3 worms
  3 dart slugs
  6 leopard geckos
  18 orcs
  A ball python (D:1)
  6 bats
  A giant cockroach (D:3)
  10 goblins
  11 hobgoblins
  16 jackals
  7 quokkas
  9 frilled lizards
  A jackal skeleton (D:6)
  A jackal zombie (D:8)
  12 kobolds
  A quokka zombie (D:8)
  8 rats
217 creatures vanquished.

Notes
Turn   | Place    | Note
-------+----------+-------------------------------------------
     0 | D:1      | twistedcrescendo the Minotaur Berserker began the quest for the Orb.
     0 | D:1      | Reached XP level 1. HP: 19/19 MP: 0/0
   279 | D:1      | Reached skill level 4 in Fighting
   279 | D:1      | Reached XP level 2. HP: 26/27 MP: 1/1
   336 | D:1      | HP: 2/42 [rat (2)]
   374 | D:1      | Reached ** piety under Trog
   420 | D:1      | Reached XP level 3. HP: 11/34 MP: 2/2
  1302 | D:2      | Noticed Natasha
  1309 | D:2      | Killed Natasha
  1309 | D:2      | Reached skill level 5 in Fighting
  1309 | D:2      | Reached skill level 5 in Maces & Flails
  1309 | D:2      | Reached XP level 4. HP: 31/42 MP: 3/3
  1498 | D:2      | Reached *** piety under Trog
  1516 | D:2      | Reached XP level 5. HP: 43/48 MP: 4/4
  1579 | D:2      | Noticed Natasha
  1599 | D:2      | Killed Natasha
  2204 | D:2      | Noticed Natasha
  2206 | D:2      | Killed Natasha
  2245 | D:3      | Reached skill level 6 in Fighting
  2263 | D:3      | Noticed Terence
  2263 | D:3      | Noticed Sigmund
  2271 | D:3      | Killed Sigmund
  2271 | D:3      | Reached XP level 6. HP: 58/58 MP: 5/5
  2272 | D:3      | Received a gift from Trog
  2273 | D:3      | Killed Terence
  2377 | D:3      | Found a faded altar of an unknown god.
  2435 | D:3      | Noticed Ijyb
  2441 | D:3      | Killed Ijyb
  2441 | D:3      | Reached skill level 7 in Fighting
  2545 | D:3      | Noticed Grinder
  2558 | D:3      | Paralysed by Grinder for 5 turns
  2573 | D:3      | Killed Grinder
  2573 | D:3      | Reached XP level 7. HP: 33/66 MP: 6/6
  3077 | D:4      | Found an opulent altar of Gozag.
  3186 | D:4      | Found an ancient bone altar of Kikubaaqudgha.
  3204 | D:4      | Noticed Tiareth's ghost (novice TrEE)
  3212 | D:4      | Killed Tiareth's ghost
  3212 | D:4      | Reached skill level 8 in Fighting
  3212 | D:4      | Reached XP level 8. HP: 77/77 MP: 7/7
  3449 | D:4      | Reached skill level 9 in Fighting
  3555 | D:4      | Reached **** piety under Trog
  3730 | D:5      | Entered Level 5 of the Dungeon
  3930 | D:5      | Noticed Duvessa
  3942 | D:5      | Killed Duvessa
  3943 | D:5      | Noticed Dowan
  3962 | D:5      | Killed Dowan
  4060 | D:5      | Reached skill level 10 in Fighting
  4060 | D:5      | Reached skill level 10 in Maces & Flails
  4306 | D:5      | Found a hide-covered altar of Uskayaw.
  4307 | D:5      | Found a snail-covered altar of Cheibriados.
  4309 | D:5      | Found a bloodstained altar of Trog.
  4311 | D:5      | Found a burning altar of Makhleb.
  4311 | D:5      | Found a sacrificial altar of Ru.
  4385 | D:5      | Noticed Paps's ghost (novice OpEn)
  4398 | D:5      | Killed Paps's ghost
  4398 | D:5      | Reached XP level 9. HP: 75/86 MP: 8/8
  4690 | D:6      | Reached skill level 11 in Fighting
  4702 | D:6      | Found a staircase to the Ecumenical Temple.
  4703 | D:6      | Noticed Prince Ribbit
  4709 | D:6      | Killed Prince Ribbit
  4732 | D:6      | Noticed chorionicmirror's ghost (novice BaFi)
  4743 | D:6      | Killed chorionicmirror's ghost
  4919 | D:6      | Noticed Menkaure
  4928 | D:6      | Killed Menkaure
  5232 | D:6      | Reached skill level 12 in Fighting
  5385 | D:6      | Found Laeper's Antique Armour Emporium.
  5496 | D:6      | Noticed Edmund
  5501 | D:6      | Killed Edmund
  5579 | D:7      | Reached XP level 10. HP: 96/96 MP: 9/9
  5667 | D:7      | Found an ornate altar of the Wu Jian Council.
  6235 | D:8      | Reached skill level 5 in Armour
  6240 | D:8      | Noticed a two-headed ogre
  6244 | D:8      | Killed a two-headed ogre
  6244 | D:8      | Reached skill level 5 in Dodging
  6321 | D:8      | Reached ***** piety under Trog
  6390 | D:8      | Reached skill level 13 in Fighting
  6613 | D:8      | You fall through a shaft for 3 floors!
  6618 | D:11     | Noticed a skeletal warrior
  6637 | D:11     | Killed a skeletal warrior
  6643 | D:11     | Noticed a skeletal warrior
  6643 | D:11     | Noticed a skeletal warrior
  6701 | D:11     | Noticed a skeletal warrior
  6710 | D:11     | Noticed a skeletal warrior
  6716 | D:11     | Killed a skeletal warrior
  6722 | D:11     | Slain by a skeletal warrior

Skill      XL: |  1  2  3  4  5  6  7  8  9 10 |
---------------+-------------------------------+-----
Fighting       | 4 5 6 7 8 10 12 13 | 13.4
Maces & Flails | 4 5 6 7 8 10 12 | 12.0
Armour         | 3 7 |  7.1
Dodging        | 3 6 |  6.5

Action                   |  1- 3 |  4- 6 |  7- 9 | 10-12 || total
-------------------------+-------+-------+-------+-------++-------
Melee: Mace              |    75 |       |       |       ||    75
       Headbutt          |    15 |    22 |    43 |    37 ||   117
       Morningstar       |     9 |    97 |       |       ||   106
       Whip              |       |    19 |   248 |   149 ||   416
Invok: Berserk           |     2 |     2 |     2 |     3 ||     9
       Trog's Hand       |       |       |     1 |     1 ||     2
  Use: Scroll            |       |       |    12 |     1 ||    13
  Eat: Chunk             |     3 |     6 |    12 |     6 ||    27
Armor: Animal skin       |    13 |       |       |       ||    13
       Scale mail        |    14 |    57 |    51 |    32 ||   154
Dodge: Dodged            |    63 |    73 |    72 |    58 ||   266
       Deflected         |       |       |       |     6 ||     6
